 Dungeon Crawl Stone Soup version 0.23.2-40-g277498a001 (webtiles) character file.

Game seed: 9210479234471594051

1931 hYBRISjENS the Basher (level 9, -3/79 HPs)
             Began as a Hill Orc Fighter on Oct 7, 2019.
             Was an Initiate of Gozag.
             Killed by divine providence
             ... invoked by an orc priest
              (14 damage)
             ... on level 7 of the Dungeon.
             The game lasted 01:05:56 (7174 turns).

hYBRISjENS the Basher (Hill Orc Fighter)            Turns: 7174, Time: 01:05:57

Health: -3/79      AC:  7    Str: 20    XL:     9   Next: 17%
Magic:  9/9        EV:  9    Int:  8    God:    Gozag
Gold:   261        SH: 10    Dex: 12    Spells: 8/8 levels left

rFire    . . .     SeeInvis +   a - +1 flail
rCold    . . .     Gourm    .   c - +0 shield
rNeg     . . .     Faith    .   b - +0 scale mail
rPois    .         Spirit   .   (no helmet)
rElec    .         Reflect  .   (no cloak)
rCorr    .         Harm     .   (no gloves)
MR       .....                  (no boots)
Stlth    ..........             (no amulet)
HPRegen  0.23/turn              h - +1 ring of evasion
MPRegen  0.11/turn              t - ring of see invisible

@: gold aura
A: no striking features
a: Potion Petition, Call Merchant, Bribe Branch, Renounce Religion, Convert to
Beogh


You were on level 7 of the Dungeon.
You worshipped Gozag.
Gozag was aware of your devotion.
You were not hungry.

You visited 2 branches of the dungeon, and saw 9 of its levels.

You collected 738 gold pieces.
You paid 477 gold pieces to Gozag.

Inventory:

Hand Weapons
 a - a +1 flail (weapon)
 d - a +0 club
 r - a +0 club
 w - a +0 hunting sling
 K - a +0 broad axe
Missiles
 e - 193 stones (quivered)
 x - 12 sling bullets
Armour
 b - a +0 scale mail (worn)
 c - a +0 shield (worn)
 g - a +2 robe
 y - a scarf of cloud immunity
 B - a +0 ring mail
Jewellery
 h - a +1 ring of evasion (left hand)
 t - a ring of see invisible (right hand)
 I - an uncursed ring of stealth
Wands
 z - a wand of flame (19)
 A - a wand of acid (22)
 J - a wand of scattershot (5)
Scrolls
 i - a scroll of magic mapping {unknown}
 k - 3 scrolls of enchant weapon
 m - 2 scrolls of amnesia {unknown}
 n - 11 scrolls of identify
 p - 2 scrolls of immolation
 q - 3 scrolls of teleportation {unknown}
 v - a scroll of enchant armour {unknown}
 G - a scroll of random uselessness {unknown}
Potions
 j - a potion of cancellation
 l - 2 potions of agility
 o - a potion of ambrosia {unknown}
 s - a potion of lignification {unknown}
 u - 2 potions of curing
 C - 3 potions of degeneration {unknown}
 D - a potion of berserk rage {unknown}
 E - a potion of flight {unknown}
 F - 2 potions of brilliance {unknown}
 H - a potion of haste
Comestibles
 f - 9 rations


   Skills:
 * Level 7.6 Fighting
 + Level 8.7 Maces & Flails
 - Level 0.1 Slings
 + Level 6.2 Armour
 - Level 0.1 Dodging
 - Level 0.1 Stealth
 + Level 6.0 Shields


You had 8 spell levels left.
You didn't know any spells.
Your spell library contained the following spells:

 Spells                   Type           Power        Failure   Level  Hunger
 Corona                   Hex            #......      98%         1    ##.....
 Ensorcelled Hibernation  Hex/Ice        #.....       99%         2    ###....
 Confuse                  Hex            #.......     100%        3    ####...
 Dazzling Spray           Conj/Hex       #.....       100%        3    ####...
 Tukima's Dance           Hex            #.......     100%        3    ####...


Dungeon Overview and Level Annotations

Branches:
Dungeon (8/15)             Temple (1/1) D:5
   Lair: D:8-11

Altars:
Ashenzari
Cheibriados
Dithmenos
Fedhas
Gozag
Hepliaklqana
Kikubaaqudgha
Nemelex Xobeh
Qazlal
Ru
Sif Muna
Trog
Uskayaw
Vehumet
Yredelemnul
Zin
The Shining One


Message History

The orc priest calls down the wrath of Beogh upon you.
Beogh smites you! You block the orc warrior's attack.
You barely miss the orc warrior.
The orc warrior is lightly wounded.
The orc priest invokes the aid of Beogh against you.
Beogh smites you!
The orc warrior hits you with a +0 battleaxe!
You feel better.
The orc priest drinks a potion.
The orc priest suddenly seems more resistant.
The orc priest invokes the aid of Beogh against you.
Beogh smites you!
* * * LOW HITPOINT WARNING * * *
The orc priest calls down the wrath of Beogh upon you.
Beogh smites you!
* * * LOW HITPOINT WARNING * * *
The orc priest threatens, "By the altar or by the axe, you will meet Beogh!"
The orc priest invokes the aid of Beogh against you.
Beogh smites you!
You die...
Your body crumbles into a pile of gold.

....########......####.##########
.................................
........####......####.##########
....###.########.## #...........
....+............# #...........
....####....####.# #.......<...
....# #.......#.# ###...........
....# #....#.##.# #.............
##### #....#.##@# #.#......[....
#....#.##o# #.#.########## #
##.###.##.# #.#.# . #.# #.##.#
#.#.# . #.. #.##o# #.#.# .
##.##.##.# #.#.# . #...#.##o#
#.#.# . ...#.##.# #.#.# ## #
######.#.##$###.#.#########.


You could see an orc warrior and 2 orc priests.

Vanquished Creatures
  A two-headed ogre (D:7)
  3 ogres
  Blork the orc (D:5)
  2 bullfrogs (D:7)
  3 scorpions
  A howler monkey (D:6)
  2 crimson imps (D:5)
  A bullfrog zombie (D:6)
  An orc priest (D:7)
  2 hounds (D:6)
  A jelly (D:5)
  2 orc wizards (D:6)
  Jessica (D:2)
  2 worker ants (D:5)
  2 iguanas
  A hound zombie (D:5)
  2 hound skeletons
  Robin (D:2)
  6 gnolls
  5 adders
  An ooze (D:1)
  2 adder skeletons
  3 dart slugs
  5 leopard geckos
  13 orcs
  6 bats
  5 giant cockroaches
  12 goblins
  12 hobgoblins
  4 jackals (D:6)
  A kobold (D:3)
  3 quokkas
  A ball python (D:2)
  A ball python skeleton (D:4)
  4 frilled lizards
  A giant cockroach zombie (D:5)
  A jackal skeleton (D:7)
  12 rats
127 creatures vanquished.

Notes
Turn   | Place    | Note
-------+----------+-------------------------------------------
     0 | D:1      | hYBRISjENS the Hill Orc Fighter began the quest for the
                  | Orb.
     0 | D:1      | Reached XP level 1. HP: 19/19 MP: 1/1
    72 | D:1      | Reached XP level 2. HP: 26/27 MP: 2/2
   298 | D:1      | Reached XP level 3. HP: 33/33 MP: 3/3
   697 | D:2      | Noticed Robin
   931 | D:2      | Noticed Jessica
   955 | D:2      | Killed Jessica
   955 | D:2      | Reached skill level 3 in Maces & Flails
   955 | D:2      | Reached XP level 4. HP: 13/40 MP: 4/4
  1508 | D:2      | Killed Robin
  1557 | D:2      | Reached skill level 4 in Maces & Flails
  1778 | D:4      | Reached XP level 5. HP: 35/46 MP: 5/5
  1892 | D:5      | Entered Level 5 of the Dungeon
  2015 | D:4      | Noticed an ogre
  2030 | D:4      | Killed an ogre
  2412 | D:3      | Reached XP level 6. HP: 39/52 MP: 6/6
  2540 | D:3      | Reached skill level 5 in Maces & Flails
  3650 | D:5      | Found a staircase to the Ecumenical Temple.
  3662 | Temple   | Entered the Ecumenical Temple
  3697 | Temple   | Became a worshipper of Gozag Ym Sagoz the Greedy
  3999 | D:5      | Reached XP level 7. HP: 48/60 MP: 7/7
  4009 | D:5      | Reached skill level 5 in Fighting
  4407 | D:5      | Noticed Blork the orc
  4414 | D:5      | Killed Blork the orc
  4414 | D:5      | Reached skill level 6 in Maces & Flails
  5208 | D:6      | Reached skill level 5 in Armour
  5208 | D:6      | Reached skill level 5 in Shields
  5388 | D:6      | Reached XP level 8. HP: 43/70 MP: 8/8
  5435 | D:6      | Reached skill level 7 in Maces & Flails
  6183 | D:7      | Noticed a two-headed ogre
  6197 | D:7      | Killed a two-headed ogre
  6197 | D:7      | Reached skill level 8 in Maces & Flails
  6197 | D:7      | Reached XP level 9. HP: 30/79 MP: 9/9
  7174 | D:7      | Killed from afar by an orc priest

Skill      XL: |  1  2  3  4  5  6  7  8  9 |
---------------+----------------------------+-----
Fighting       | 4 6 7 |  7.6
Maces & Flails | 3 4 5 6 8 |  8.7
Shields        | 4 5 6 |  6.0
Armour         | 4 5 6 |  6.2
Slings         | |  0.1
Dodging        | |  0.1
Stealth        | |  0.1

Action                   |  1- 3 |  4- 6 |  7- 9 || total
-------------------------+-------+-------+-------++-------
Melee: Flail             |    75 |   167 |   268 ||   510
 Fire: Hunting sling     |       |     8 |     6 ||    14
Invok: Potion Petition   |       |     1 |     1 ||     2
  Use: Potion            |     1 |       |     2 ||     3
       Scroll            |       |     5 |     1 ||     6
 Stab: Distracted        |       |       |     2 ||     2
  Eat: Chunk             |       |     4 |       ||     4
       Ration            |       |     2 |     3 ||     5
Armor: Scale mail        |    28 |    56 |    88 ||   172
Dodge: Dodged            |    20 |    59 |    73 ||   152
Block: Shield            |    34 |    76 |   114 ||   224
